 Dungeon Crawl Stone Soup version 0.26-a0-70-g31f1466007 (webtiles) character file.

Game seed: 10424500593783346007

3528 vurker the Soothsayer (level 9, -11/108 HPs)
             Began as a Demonspawn Skald on June 13, 2020.
             Was a Priest of Nemelex Xobeh.
             Mangled by Snorg (14 damage)
             ... on level 10 of the Dungeon.
             The game lasted 00:23:04 (14366 turns).

vurker the Soothsayer (Demonspawn Skald)           Turns: 14366, Time: 00:23:05

Health: -11/108    AC: 19    Str: 14    XL:     9   Next: 82%
Magic:  0/15       EV:  4    Int: 17    God:    Nemelex Xobeh [***...]
Gold:   629        SH:  0    Dex: 13    Spells: 12/12 levels left

rFire    + . .     SeeInvis +     - Unarmed
rCold    + . .     Gourm    .   (no shield)
rNeg     . . .     Faith    .   u - +2 plate armour {rC+}
rPois    +         Spirit   +   (no helmet)
rElec    .         Reflect  .   h - +2 cloak {MR+}
rCorr    .         Harm     .   g - +0 pair of gloves
MR       +....                  (no boots)
Stlth    ..........             y - amulet of guardian spirit
HPRegen  0.28/turn              l - ring of Riddep {Wiz rPois rF+ Int+2}
MPRegen  0.14/turn              b - ring of see invisible

@: berserking, very quick
A: claws 1, yellow scales 2
a: Draw Escape, Draw Destruction, Draw Summoning, Triple Draw, Renounce Religion


You were on level 10 of the Dungeon.
You worshipped Nemelex Xobeh.
Nemelex Xobeh was most pleased with you.
You were not hungry.

You visited 2 branches of the dungeon, and saw 11 of its levels.

You collected 629 gold pieces.

Inventory:

Armour
 g - a +0 pair of gloves (worn)
   (You found it on level 1 of the Dungeon)
 h - a +2 cloak of magic resistance (worn)
   (You took it off Maurice on level 9 of the Dungeon)
 u - a +2 plate armour of cold resistance (worn)
   (You found it on level 3 of the Dungeon)
Jewellery
 a - an uncursed ring of resist corrosion
   (You found it on level 5 of the Dungeon)
 b - a ring of see invisible (right hand)
   (You found it on level 5 of the Dungeon)
 l - the ring of Riddep (left hand) {Wiz rPois rF+ Int+2}
   (You found it on level 7 of the Dungeon)

   [ring of wizardry]

   It improves your spell success rate.
   It affects your intelligence (+2).
   It protects you from fire.
   It protects you from poison.
 y - an amulet of guardian spirit (around neck)
   (You found it on level 7 of the Dungeon)
Wands
 c - a wand of disintegration (18)
   (You found it on level 8 of the Dungeon)
 d - a wand of iceblast (10)
   (You found it on level 6 of the Dungeon)
 o - a wand of enslavement (11)
   (You found it on level 6 of the Dungeon)
 x - a wand of acid (1)
   (You took it off Maurice on level 9 of the Dungeon)
Scrolls
 f - a scroll of blinking
 n - 3 scrolls of remove curse
 p - a scroll of enchant armour
 q - 9 scrolls of teleportation
 s - a scroll of magic mapping
 t - 3 scrolls of immolation
 B - a scroll of fog
Potions
 i - 2 potions of haste
 k - a potion of magic {unknown}
 m - a potion of brilliance {unknown}
 r - 2 potions of heal wounds
 w - 3 potions of lignification
 z - 4 potions of curing
 A - 2 potions of flight
Comestibles
 e - 13 rations
 j - 5 chunks of flesh


   Skills:
 + Level 7.3 Fighting
   Level 4.8 Maces & Flails
 - Level 1.1 Armour
 + Level 3.3 Dodging
 * Level 7.9 Unarmed Combat
 - Level 2.0 Spellcasting
   Level 2.6 Charms
 + Level 8.0 Invocations


You had 12 spell levels left.
You didn't know any spells.
Your spell library contained the following spells:

 Spells                   Type           Power        Failure   Level  Hunger
 Infusion                 Chrm           ##..         95%         1    #......
 Song of Slaying          Chrm           ##......     99%         2    ###....
 Shroud of Golubria       Chrm/Tloc      #.....       100%        2    ###....
 Ozocubu's Armour         Chrm/Ice       #.......     100%        3    ###....
 Spectral Weapon          Hex/Chrm       #.......     100%        3    ###....


Dungeon Overview and Level Annotations

Branches:
Dungeon (10/15)            Temple (1/1) D:4            Lair (0/6) D:8
    Orc (0/2) D:9

Altars:
Ashenzari
Cheibriados
Dithmenos
Elyvilon
Fedhas
Gozag
Hepliaklqana
Kikubaaqudgha
Makhleb
Nemelex Xobeh
Okawaru
Qazlal
Ru
Sif Muna
Trog
Uskayaw
Vehumet
Wu Jian
Xom
Yredelemnul
Zin
The Shining One
Beogh

Shops:
D:4 =   D:5 *%   D:8 ((

Annotations:
D:10 Snorg


Innate Abilities, Weirdness & Mutations

You have sharp fingernails.
You are mostly covered in yellow scales. (AC +3)


Message History

You feel sick.
You feel sick.
You feel sick.
You feel sick.
You are no longer poisoned.
Found a robe.
There is an open door here.
n - 3 scrolls of remove curse (gained 1)
You open the door. You open the door.
There is an open door here.
Eating one of 6 chunks of flesh.
You eat one of the 6 chunks of flesh.
Found a viscous silvery potion.
Found a scroll of magic mapping.
k - a viscous silvery potion
s - a scroll of magic mapping
Found a stone staircase leading up.
Snorg the Insatiable comes into view.
Snorg goes berserk!
Aim: Snorg (berserk)
The bolt of acid misses Snorg.
Aim: Snorg (berserk)
The bolt of acid misses Snorg.
Snorg bites you but does no damage. Snorg barely misses you.
Snorg claws you but does no damage.
Aim: Snorg (berserk)
The bolt of acid hits Snorg!
Snorg is splashed with acid.
Snorg bites you! Snorg claws you! x2
You hit Snorg. Snorg bites you!
* * * LOW HITPOINT WARNING * * *
Snorg claws you but does no damage. Snorg claws you.
* * * LOW HITPOINT WARNING * * *
A red film seems to cover your vision as you go berserk!
You feel yourself moving faster!
You feel mighty! Snorg completely misses you.
Snorg claws you but does no damage. x2; Snorg bites you but does no damage.
Snorg claws you but does no damage. Snorg claws you.
* * * LOW HITPOINT WARNING * * *
Your plate armour prevents you from hitting Snorg.
Snorg bites you.
* * * LOW HITPOINT WARNING * * *
Snorg claws you but does no damage. Snorg claws you.
* * * LOW HITPOINT WARNING * * *
You barely miss Snorg. Snorg bites you!!
* * * LOW HITPOINT WARNING * * *
Snorg claws you but does no damage. Snorg claws you!
* * * LOW HITPOINT WARNING * * *
Unknown command.
Unknown command.
You punch Snorg! Snorg bites you!
You die...
Your body glows with a rainbow of weird colours and disappears.

#############
#.......#..<#
#.###.#.###.### ##
#.#...#...## #.
#####.#.#.#.#..####.
#.T@..#.#.#.##....'.
....<.###.#.#.#.#######.
..... #...#.#...# #.
.... #####.###.# #. ...
..#...# #. .. ###.### #.
# #.# ## #.## #..# #


You could see Snorg (berserk).

Vanquished Creatures
  An unseen horror (D:7)
  Maurice (D:9)
  Grinder (D:3)
  A wyvern (D:8)
  2 ogres
  3 centaurs
  A big kobold (D:7)
  A bullfrog (D:8)
  A gnoll sergeant (D:6)
  8 killer bees
  A howler monkey (D:9)
  3 crimson imps
  6 hounds
  4 orc priests
  A bullfrog skeleton (D:4)
  A jelly (D:8)
  9 orc wizards
  5 iguanas
  11 worker ants
  A mummy (D:7)
  A hound skeleton (D:6)
  A howler monkey zombie (D:7)
  4 gnolls
  8 adders
  2 shadow imps
  An adder skeleton (D:8)
  3 worms
  2 dart slugs
  3 leopard geckos
  39 orcs
  2 ball pythons
  A bat (D:1)
  6 giant cockroaches
  7 goblins
  4 hobgoblins
  7 jackals
  3 quokkas
  4 frilled lizards
  A goblin zombie (D:7)
  A hobgoblin zombie (D:7)
  13 kobolds
  A leopard gecko skeleton (D:6)
  A quokka skeleton (D:4)
  6 rats
183 creatures vanquished.

Vanquished Creatures (collateral kills)
  A killer bee (D:8)
  A worker ant (D:8)
  An orc (D:9)
3 creatures vanquished.

Grand Total: 186 creatures vanquished

Notes
Turn   | Place    | Note
-------+----------+-------------------------------------------
     0 | D:1      | vurker the Demonspawn Skald began the quest for the Orb.
     0 | D:1      | Reached XP level 1. HP: 16/16 MP: 3/3
   455 | D:1      | Gained mutation: You are partially covered in yellow
                  | scales. (AC +2) [demonic ancestry]
   455 | D:1      | Reached XP level 2. HP: 18/22 MP: 5/5
  1318 | D:2      | Gained mutation: You are mostly covered in yellow scales.
                  | (AC +3) [demonic ancestry]
  1318 | D:2      | Reached XP level 3. HP: 28/28 MP: 6/6
  1717 | D:2      | Found a radiant altar of Vehumet.
  2864 | D:3      | Noticed Grinder
  2902 | D:3      | Paralysed by Grinder for 6 turns
  2914 | D:3      | Paralysed by Grinder for 5 turns
  2921 | D:3      | Killed Grinder
  2921 | D:3      | Reached XP level 4. HP: 37/37 MP: 7/7
  2921 | D:3      | Reached XP level 5. HP: 42/42 MP: 8/8
  3279 | D:4      | Found a shimmering altar of Xom.
  3282 | D:4      | Found a stormy altar of Qazlal.
  3287 | D:4      | Found a blossoming altar of Fedhas.
  3303 | D:4      | Found a staircase to the Ecumenical Temple.
  3327 | Temple   | Entered the Ecumenical Temple
  3470 | Temple   | Became a worshipper of Nemelex Xobeh the Trickster
  3553 | D:4      | Reached skill level 1 in Armour
  3553 | D:4      | Gained mutation: You have sharp fingernails. [demonic
                  | ancestry]
  3553 | D:4      | Reached XP level 6. HP: 42/48 MP: 9/9
  3618 | D:4      | Received a gift from Nemelex Xobeh
  3723 | D:4      | Reached skill level 1 in Invocations
  3996 | D:4      | Reached skill level 1 in Unarmed Combat
  4093 | D:4      | Found a shadowy altar of Dithmenos.
  4397 | D:4      | Reached skill level 2 in Invocations
  4454 | D:4      | Found Qebb's Jewellery Emporium.
  4657 | D:4      | Found an opulent altar of Gozag.
  4658 | D:4      | Found a glowing silver altar of Zin.
  5187 | D:5      | Entered Level 5 of the Dungeon
  5337 | D:5      | Found Hootur's Food Shoppe.
  5343 | D:5      | Found an ornate altar of the Wu Jian Council.
  5565 | D:5      | Reached XP level 7. HP: 46/55 MP: 10/10
  5661 | D:5      | Found Jacw's General Store.
  6130 | D:6      | Reached * piety under Nemelex Xobeh
  6291 | D:6      | Found a burning altar of Makhleb.
  6291 | D:6      | Noticed a cacodemon
  6294 | D:6      | Noticed a hellwing
  6294 | D:6      | Noticed a neqoxec
  6618 | D:6      | Reached skill level 3 in Invocations
  8100 | D:6      | Reached skill level 5 in Fighting
  8409 | D:6      | Reached skill level 4 in Invocations
  8957 | D:7      | Reached XP level 8. HP: 20/62 MP: 11/11
  9517 | D:7      | Reached ** piety under Nemelex Xobeh
  9647 | D:7      | Got a twitching ivory ring
  9649 | D:7      | Identified the ring of Riddep {Wiz rPois rF+ Int+2} (You
                  | found it on level 7 of the Dungeon)
  9867 | D:7      | Received a gift from Nemelex Xobeh
  9869 | D:7      | Found a hide-covered altar of Uskayaw.
  9871 | D:7      | Found a hazy altar of Hepliaklqana.
  9958 | D:7      | Reached skill level 5 in Invocations
 10085 | D:7      | Reached skill level 5 in Unarmed Combat
 11184 | D:8      | Noticed an unseen horror
 11194 | D:7      | Reached skill level 6 in Invocations
 11266 | D:7      | Killed an unseen horror
 11266 | D:7      | Reached XP level 9. HP: 19/71 MP: 5/14
 11616 | D:8      | Found Xotif's Antique Weapon Shop.
 11640 | D:8      | Found a staircase to the Lair.
 11860 | D:8      | Found Iblurphisch's Weapon Emporium.
 11910 | D:8      | Reached skill level 7 in Invocations
 12782 | D:9      | Noticed Maurice
 12796 | D:9      | Killed Maurice
 13025 | D:9      | Found a staircase to the Orcish Mines.
 13028 | D:9      | Found a roughly hewn altar of Beogh.
 13471 | D:9      | Received a gift from Nemelex Xobeh
 13473 | D:9      | Found a white marble altar of Elyvilon.
 13496 | D:9      | Reached *** piety under Nemelex Xobeh
 13739 | D:9      | Received a gift from Nemelex Xobeh
 13744 | D:9      | Found a snail-covered altar of Cheibriados.
 13804 | D:9      | Found a basalt altar of Yredelemnul.
 14046 | D:10     | Entered Level 10 of the Dungeon
 14279 | D:10     | Reached skill level 8 in Invocations
 14358 | D:10     | Noticed Snorg
 14365 | D:10     | HP: 3/108 [Snorg (14)]
 14366 | D:10     | Mangled by Snorg

Illustrated notes

Levels and vault maps discovered:
D:1:      scummos_arrival_gate, layout_basic, serial_rivers,
          chequers_serial_rivers_micro_c, chequers_serial_rivers_micro_a,
          chequers_serial_rivers_room_b, chequers_serial_rivers_marsh
D:2:      layout_loops_ring, nicolae_overflow_crystal_walls
D:3:      layout_basic, first_ration, uniq_grinder
D:4:      layout_loops_corners, grunt_temple_overflow_forces_of_nature,
          overflow_temple_1_default, grunt_temple_overflow_gold_and_silver,
          minmay_temple_entry_grid, serial_shops, kennysheep_mini_moat,
          nicolae_dithmenos_shadow_blocks
D:5:      layout_rooms, kennysheep_mini, serial_shops, shop, shop
D:6:      layout_cave_pods, makhleb_altar_promises_db, serial_column_ruins,
          column_ruins_hut_ruined, column_ruins_open_large, column_ruins_grid_1,
          column_ruins_corridor_water, column_ruins_open_small,
          column_ruins_corridor_straight
D:7:      layout_basic, minitemple, nicolae_ossuary_entry_giza
D:8:      layout_cave_pools, dpeg_oklobed_lair, serial_shops,
          nicolae_shop_behind_doors, nicolae_shop_overgrown_old_shop
D:9:      layout_irregular_city, kennysheep_ying_yang, old_standard_altar,
          minmay_orc_entry_temple_small, serial_rivers,
          chequers_serial_rivers_micro_b, chequers_serial_rivers_small_a,
          chequers_serial_rivers_room_b, chequers_serial_rivers_small_b,
          chequers_serial_rivers_small_a, chequers_serial_rivers_room_a,
          uniq_maurice
D:10:     layout_roguey, basic_altar, uniq_snorg
Temple:   jpeg_temple_island

Skill      XL: |  1  2  3  4  5  6  7  8  9 |
---------------+----------------------------+-----
Maces & Flails | 2 4 |  4.8
Fighting       | 3 4 5 6 7 |  7.3
Armour         | 1 |  1.1
Invocations    | 2 4 6 8 |  8.0
Dodging        | 2 3 |  3.3
Unarmed Combat | 2 4 6 7 |  7.9
Spellcasting   | |  2.0
Charms         | |  2.6

Action                   |  1- 3 |  4- 6 |  7- 9 || total
-------------------------+-------+-------+-------++-------
Melee: Mace              |   164 |    30 |       ||   194
       Unarmed           |       |   285 |  1265 ||  1550
       Punch             |       |       |     9 ||     9
Throw: Throwing net      |       |       |     1 ||     1
Invok: Draw Destruction  |       |     3 |     3 ||     6
       Draw Escape       |       |       |     3 ||     3
       Draw Summoning    |       |       |     3 ||     3
Evoke: Wand              |     4 |     5 |     9 ||    18
  Use: Potion            |     1 |       |     7 ||     8
       Scroll            |       |    11 |    11 ||    22
 Stab: Petrifying        |       |       |     1 ||     1
  Eat: Chunk             |     6 |     9 |    24 ||    39
       Ration            |       |       |     2 ||     2
Armor: Chain mail        |   133 |       |       ||   133
       Leather armour    |    20 |       |       ||    20
       Plate armour      |       |   273 |  1028 ||  1301
       Skin              |       |       |    91 ||    91
Dodge: Dodged            |    60 |    39 |   226 ||   325

Table legend:
 A = Non-vault XP
 B = Vault XP
 C = Vault XP percentage of total XP
 D = Non-vault monster count
 E = Vault monster count
 F = Vault count percentage of total count
                 A         B        C        D         E       F
            +---------+---------+-------+---------+---------+-------
      Total |    4196 |     845 |  16.8 |     173 |      13 |   7.0
            +---------+---------+-------+---------+---------+-------
        D:1 |      39 |       0 |   0.0 |      15 |       0 |   0.0
        D:2 |      32 |       0 |   0.0 |      16 |       0 |   0.0
        D:3 |      20 |     272 |  93.2 |      13 |       1 |   7.1
        D:4 |     307 |       0 |   0.0 |      21 |       0 |   0.0
        D:5 |      84 |       0 |   0.0 |      10 |       0 |   0.0
        D:6 |     629 |       0 |   0.0 |      22 |       0 |   0.0
        D:7 |    1689 |      20 |   1.2 |      38 |       3 |   7.3
        D:8 |    1126 |       0 |   0.0 |      26 |       0 |   0.0
        D:9 |     196 |     553 |  73.8 |       8 |       9 |  52.9
       D:10 |      74 |       0 |   0.0 |       4 |       0 |   0.0
            +---------+---------+-------+---------+---------+-------
